 Dungeon Crawl Stone Soup version 0.23.2-1-ga50397a6bc (webtiles) character file.

Game seed: 13987417250564915307

4937 Menchi the Blocker (level 10, -13/82 HPs)
             Began as a Gnoll Fighter on May 13, 2019.
             Was an Initiate of Gozag.
             Mangled by Gastronok (32 damage)
             ... on level 8 of the Dungeon.
             The game lasted 00:14:45 (7737 turns).

Menchi the Blocker (Gnoll Fighter)                  Turns: 7737, Time: 00:14:47

Health: -13/82     AC: 10    Str: 23      XL:     10   Next: 52%
Magic:  13/17      EV: 13    Int:  8 (10) God:    Gozag
Gold:   754        SH:  0    Dex: 14      Spells: 19/19 levels left

rFire    . . .     SeeInvis .   r - +4 halberd (vamp)
rCold    . . .     Gourm    .   (shield currently unavailable)
rNeg     . . .     Faith    .   b - +0 scale mail
rPois    .         Spirit   .   (no helmet)
rElec    .         Reflect  .   l - +1 cloak
rCorr    +         Harm     .   (no gloves)
MR       .....                  (no boots)
Stlth    ++........             (no amulet)
HPRegen  0.23/turn              G - ring of flight
MPRegen  0.15/turn              p - ring of resist corrosion

@: no status effects
A: distributed training, fangs 1, strong nose
a: Potion Petition, Call Merchant, Bribe Branch, Renounce Religion, Evoke Flight


You were on level 8 of the Dungeon.
You worshipped Gozag.
Gozag was pleased with you.
You were not hungry.

You visited 1 branch of the dungeon, and saw 8 of its levels.
You also visited: Sewer.

You collected 827 gold pieces.
You paid 73 gold pieces to Gozag.

Inventory:

Hand Weapons
 a - a +0 trident
 r - a +4 vampiric halberd (weapon)
Armour
 b - a +0 scale mail (worn)
 c - a +0 shield
 l - a +1 cloak (worn)
Jewellery
 p - a ring of resist corrosion (right hand)
 G - a ring of flight (left hand)
Wands
 d - a wand of digging (3)
 h - a wand of disintegration (30)
 o - a wand of paralysis (4)
 s - a wand of enslavement (9)
 t - a wand of flame (21)
 y - a wand of iceblast (9)
 H - a wand of acid (15)
Scrolls
 e - a scroll of remove curse
 i - 3 scrolls of magic mapping
 m - a scroll of fog
 u - 5 scrolls of identify
 C - 2 scrolls of teleportation
 E - 4 scrolls of blinking
Potions
 g - 2 potions of flight
 j - a potion of brilliance
 k - a potion of haste
 n - a potion of ambrosia {unknown}
 v - a potion of heal wounds
 w - 3 potions of curing
 x - 2 potions of agility
 A - a potion of invisibility {unknown}
 F - a potion of degeneration
Comestibles
 f - 9 rations


   Skills:
 + Level 8.5 Fighting
 + Level 5.2 Short Blades
 + Level 5.2 Long Blades
 + Level 5.2 Axes
 + Level 5.2 Maces & Flails
 + Level 7.0 Polearms
 + Level 5.2 Staves
 + Level 5.2 Slings
 + Level 5.2 Bows
 + Level 5.2 Crossbows
 + Level 5.2 Throwing
 + Level 8.5 Armour
 + Level 5.2 Dodging
 + Level 5.2 Stealth
 + Level 8.5 Shields
 + Level 5.2 Unarmed Combat
 + Level 5.2 Spellcasting
 + Level 4.3 Conjurations
 + Level 4.3 Hexes
 + Level 4.3 Charms
 + Level 4.3 Summonings
 + Level 4.3 Necromancy
 + Level 4.3 Translocations
 + Level 4.3 Transmutations
 + Level 4.3 Fire Magic
 + Level 4.3 Ice Magic
 + Level 4.3 Air Magic
 + Level 4.3 Earth Magic
 + Level 4.3 Poison Magic
 + Level 5.8 Invocations
 + Level 5.2 Evocations


You had 19 spell levels left.
You didn't know any spells.
Your spell library contained the following spells:

 Spells                   Type           Power        Failure   Level  Hunger
 Animate Skeleton         Necr           N/A          10%         1    #......
 Confusing Touch          Hex            #.....       10%         1    #......
 Pain                     Necr           #...         10%         1    #......
 Confuse                  Hex            #.......     28%         3    ###....
 Gell's Gravitas          Tloc           #.........   28%         3    ###....
 Regeneration             Chrm/Necr      #.........   28%         3    ###....
 Vampiric Draining        Necr           #.........   28%         3    ###....
 Animate Dead             Necr           N/A          67%         4    #####..
 Cause Fear               Hex            #.........   67%         4    #####..
 Petrify                  Tmut/Erth      #.......     67%         4    #####..
 Metabolic Englaciation   Hex/Ice        #.........   95%         5    ######.
 Silence                  Hex/Air        #.........   95%         5    ######.
 Yara's Violent Unravell  Hex/Tmut       #.........   95%         5    ######.
 Deflect Missiles         Chrm/Air       #.........   100%        6    #######
 Discord                  Hex            #.........   100%        8    #######


Dungeon Overview and Level Annotations

Branches:
Dungeon (8/15)             Temple (0/1) D:6
   Lair: D:8-11

Altars:
Ashenzari
Cheibriados
Fedhas
Gozag
Makhleb
Nemelex Xobeh
Okawaru
Qazlal
Sif Muna
Uskayaw
Vehumet
Wu Jian
Xom
Yredelemnul

Annotations:
D:8 Gastronok


Innate Abilities, Weirdness & Mutations

Your experience applies equally to all skills.
You have very sharp teeth.
Your uncanny sense of smell can sniff out nearby items.


Message History

The quokka bites you but does no damage.
The river rat closely misses you.
The quokka bites you but does no damage.
Evoke which item? (* to show all) (? for menu, Esc to quit)
Aiming: Disintegrate
Press: ? - help, Shift-Dir - straight line, f/p - Gastronok
Aim: Gastronok, wearing a +2 hat of see invisible (moderately wounded, chance to defeat MR: 34%)
Okay, then.
Evoke which item? (* to show all) (? for menu, Esc to quit)
Aiming: Corrosive Bolt
Press: ? - help, Shift-Dir - straight line, f/p - Gastronok
Aim: Gastronok, wearing a +2 hat of see invisible (moderately wounded)
The bolt of acid hits Gastronok!
Gastronok is splashed with acid.
The acid corrodes Gastronok!
Gastronok is heavily wounded.
The quokka closely misses you.
The river rat bites you but does no damage.
Gastronok bites you!!
You die...
Your body crumbles into a pile of gold.

..+ ..# #.# #.. #.# ..
.. #.# #.###. ....
#.####....# ....
#.......#.####...
#.......#......#
#r(.....#......#
#@##....#......#
#.....wr##.#.........#
#.>...r###.####.#....#
#...... #.. ...#....#
....### ########....#
#### #....# #....#
#....# #....##


You could see Gastronok, a river rat, a quokka and a rat.

Vanquished Creatures
  Pikel (D:5)
  Maurice (D:8)
  Joseph (D:8)
  A hornet (D:8)
  A hippogriff (D:8)
  Eustachio (D:6)
  Sigmund (D:2)
  An eye of draining (D:8)
  3 orc warriors
  2 slaves (D:5)
  2 phantoms
  3 ogres
  A necrophage (D:5)
  5 centaurs
  2 big kobolds
  2 bullfrogs
  2 scorpions
  3 killer bees (D:8)
  2 howler monkeys
  2 crimson imps
  2 hounds
  2 jellies
  2 orc priests (D:7)
  2 gnoll shamans
  5 iguanas
  Natasha (twice) (D:2)
  3 orc wizards
  7 worker ants
  Robin (D:3)
  11 gnolls
  18 adders
  6 river rats (Sewer)
  2 shadow imps
  4 oozes
  2 adder zombies
  2 adder skeletons
  2 dart slugs (D:2)
  4 leopard geckos
  22 orcs
  5 ball pythons
  A bat skeleton (D:2)
  7 giant cockroaches
  20 goblins
  9 hobgoblins
  17 jackals
  3 quokkas
  2 bats
  3 frilled lizards
  A giant cockroach zombie (D:2)
  24 kobolds
  23 rats
251 creatures vanquished.

Notes
Turn   | Place    | Note
-------+----------+-------------------------------------------
     0 | D:1      | Menchi the Gnoll Fighter began the quest for the Orb.
     0 | D:1      | Reached XP level 1. HP: 23/23 MP: 1/1
   185 | D:1      | Reached XP level 2. HP: 29/29 MP: 2/2
   806 | D:2      | Noticed Sigmund
   812 | D:2      | Killed Sigmund
   812 | D:2      | Reached skill level 1 in Short Blades
   812 | D:2      | Reached skill level 1 in Long Blades
   812 | D:2      | Reached skill level 1 in Axes
   812 | D:2      | Reached skill level 1 in Maces & Flails
   812 | D:2      | Reached skill level 1 in Staves
   812 | D:2      | Reached skill level 1 in Slings
   812 | D:2      | Reached skill level 1 in Bows
   812 | D:2      | Reached skill level 1 in Crossbows
   812 | D:2      | Reached skill level 1 in Throwing
   812 | D:2      | Reached skill level 1 in Dodging
   812 | D:2      | Reached skill level 1 in Stealth
   812 | D:2      | Reached skill level 1 in Unarmed Combat
   812 | D:2      | Reached skill level 1 in Spellcasting
   812 | D:2      | Reached skill level 1 in Conjurations
   812 | D:2      | Reached skill level 1 in Hexes
   812 | D:2      | Reached skill level 1 in Charms
   812 | D:2      | Reached skill level 1 in Summonings
   812 | D:2      | Reached skill level 1 in Necromancy
   812 | D:2      | Reached skill level 1 in Translocations
   812 | D:2      | Reached skill level 1 in Transmutations
   812 | D:2      | Reached skill level 1 in Fire Magic
   812 | D:2      | Reached skill level 1 in Ice Magic
   812 | D:2      | Reached skill level 1 in Air Magic
   812 | D:2      | Reached skill level 1 in Earth Magic
   812 | D:2      | Reached skill level 1 in Poison Magic
   812 | D:2      | Reached skill level 1 in Invocations
   812 | D:2      | Reached skill level 1 in Evocations
   812 | D:2      | Reached XP level 3. HP: 35/35 MP: 2/5
   812 | D:2      | Reached XP level 4. HP: 41/41 MP: 2/6
   812 | D:2      | Reached XP level 5. HP: 47/47 MP: 2/7
  1115 | D:2      | Noticed Natasha
  1127 | D:2      | Killed Natasha
  1573 | D:2      | Reached XP level 6. HP: 30/53 MP: 8/8
  1854 | D:2      | Found a blossoming altar of Fedhas.
  1949 | D:2      | Noticed Natasha
  1955 | D:2      | Killed Natasha
  2142 | D:3      | Reached skill level 5 in Polearms
  2843 | D:3      | Reached XP level 7. HP: 59/59 MP: 10/10
  2874 | D:3      | Noticed Robin
  2922 | D:3      | Killed Robin
  4276 | D:4      | Reached XP level 8. HP: 6/67 MP: 12/12
  4716 | D:5      | Entered Level 5 of the Dungeon
  5093 | D:5      | Found a burning altar of Makhleb.
  5094 | D:5      | Found a radiant altar of Vehumet.
  5151 | D:5      | Found an iron altar of Okawaru.
  5288 | D:5      | Noticed Pikel
  5311 | D:5      | Killed Pikel
  5404 | D:6      | Reached XP level 9. HP: 67/72 MP: 14/14
  5588 | D:6      | Found a glowing drain.
  5630 | Sewer    | Entered a sewer
  6194 | D:6      | Noticed Eustachio
  6211 | D:6      | Killed Eustachio
  6296 | D:6      | Found a basalt altar of Yredelemnul.
  6298 | D:6      | Found a blossoming altar of Fedhas.
  6302 | D:6      | Found a hide-covered altar of Uskayaw.
  6302 | D:6      | Found a stormy altar of Qazlal.
  6302 | D:6      | Found an ornate altar of the Wu Jian Council.
  6302 | D:6      | Found a snail-covered altar of Cheibriados.
  6303 | D:6      | Found a shattered altar of Ashenzari.
  6307 | D:6      | Found an opulent altar of Gozag.
  6311 | D:6      | Became a worshipper of Gozag Ym Sagoz the Greedy
  6434 | D:6      | Found a staircase to the Ecumenical Temple.
  6842 | D:7      | Found a sparkling altar of Nemelex Xobeh.
  6850 | D:7      | Found a shimmering altar of Xom.
  6969 | D:7      | Found a deep blue altar of Sif Muna.
  7007 | D:7      | Reached skill level 5 in Invocations
  7211 | D:8      | Noticed a hornet
  7221 | D:8      | Killed a hornet
  7221 | D:8      | Reached XP level 10. HP: 21/80 MP: 17/17
  7358 | D:8      | Reached skill level 5 in Short Blades
  7358 | D:8      | Reached skill level 5 in Long Blades
  7358 | D:8      | Reached skill level 5 in Axes
  7358 | D:8      | Reached skill level 5 in Maces & Flails
  7358 | D:8      | Reached skill level 5 in Staves
  7358 | D:8      | Reached skill level 5 in Slings
  7358 | D:8      | Reached skill level 5 in Bows
  7358 | D:8      | Reached skill level 5 in Crossbows
  7358 | D:8      | Reached skill level 5 in Throwing
  7358 | D:8      | Reached skill level 5 in Dodging
  7358 | D:8      | Reached skill level 5 in Stealth
  7358 | D:8      | Reached skill level 5 in Unarmed Combat
  7358 | D:8      | Reached skill level 5 in Spellcasting
  7358 | D:8      | Reached skill level 5 in Evocations
  7413 | D:8      | Noticed Maurice
  7435 | D:8      | Killed Maurice
  7718 | D:8      | Noticed Joseph
  7725 | D:8      | Killed Joseph
  7727 | D:8      | Noticed Gastronok
  7737 | D:8      | Mangled by Gastronok

Skill      XL: |  1  2  3  4  5  6  7  8  9 10 |
---------------+-------------------------------+-----
Short Blades   | 1 2 3 4 5 |  5.2
Long Blades    | 1 2 3 4 5 |  5.2
Axes           | 1 2 3 4 5 |  5.2
Maces & Flails | 1 2 3 4 5 |  5.2
Staves         | 1 2 3 4 5 |  5.2
Slings         | 1 2 3 4 5 |  5.2
Bows           | 1 2 3 4 5 |  5.2
Crossbows      | 1 2 3 4 5 |  5.2
Throwing       | 1 2 3 4 5 |  5.2
Dodging        | 1 2 3 4 5 |  5.2
Stealth        | 1 2 3 4 5 |  5.2
Unarmed Combat | 1 2 3 4 5 |  5.2
Spellcasting   | 1 2 3 4 5 |  5.2
Conjurations   | 1 2 3 4 |  4.3
Hexes          | 1 2 3 4 |  4.3
Charms         | 1 2 3 4 |  4.3
Summonings     | 1 2 3 4 |  4.3
Necromancy     | 1 2 3 4 |  4.3
Translocations | 1 2 3 4 |  4.3
Transmutations | 1 2 3 4 |  4.3
Fire Magic     | 1 2 3 4 |  4.3
Ice Magic      | 1 2 3 4 |  4.3
Air Magic      | 1 2 3 4 |  4.3
Earth Magic    | 1 2 3 4 |  4.3
Poison Magic   | 1 2 3 4 |  4.3
Invocations    | 1 2 3 4 5 |  5.8
Evocations     | 1 2 3 4 5 |  5.2
Polearms       | 5 6 7 |  7.0
Fighting       | 7 8 |  8.5
Armour         | 7 8 |  8.5
Shields        | 7 8 |  8.5

Action                   |  1- 3 |  4- 6 |  7- 9 | 10-12 || total
-------------------------+-------+-------+-------+-------++-------
Melee: Trident           |    46 |   156 |   133 |       ||   335
       Bite              |     1 |    18 |    56 |    12 ||    87
       Punch             |       |     2 |     3 |       ||     5
       Halberd           |       |       |   374 |   101 ||   475
Evoke: Wand              |       |       |       |     6 ||     6
  Use: Scroll            |       |     1 |     7 |     6 ||    14
       Potion            |       |       |     7 |     7 ||    14
 Stab: Sleeping          |       |       |       |     2 ||     2
  Eat: Chunk             |       |     6 |     9 |       ||    15
       Ration            |       |       |     3 |     1 ||     4
Armor: Scale mail        |    15 |    68 |   273 |    42 ||   398
Dodge: Dodged            |     7 |    77 |   500 |    94 ||   678
